 Dungeon Crawl Stone Soup version 0.19.5 (webtiles) character file.

977 MovingMist the Skirmisher (level 8, -2/51 HPs)
             Began as a Gargoyle Fighter on Apr 6, 2017.
             Slain by a killer bee (4 damage)
             ... on level 6 of the Dungeon.
             The game lasted 00:13:34 (4382 turns).

MovingMist the Skirmisher (Gargoyle Fighter)        Turns: 4382, Time: 00:13:35

Health: -2/51      AC: 16    Str: 24    XL:     8   Next: 17%
Magic:  8/8        EV:  8    Int: 10    God:
Gold:   285        SH: 10    Dex: 11    Spells: 0 memorised, 7 levels left

rFire  + . .     SeeInvis .     y - +0 morningstar
rCold  . . .     Gourm    .     k - +0 chain mail
rNeg   + . .     Faith    .     c - +0 shield
rPois  ∞         Spirit   .     a - +0 helmet
rElec  +         Reflect  .     b - +0 cloak
rCorr  .         Harm     .     (no gloves)
MR     +....                    (no boots)
Stlth  ..........               (no amulet)
                                x - ring of protection from fire
                                s - ring of protection from magic

@: mighty
A: negative energy resistance 1, electricity resistance, unbreathing,
petrification resistance, rot immunity, AC +5
a: no special abilities


You were on level 6 of the Dungeon.
You were not hungry.

You visited 1 branch of the dungeon, and saw 6 of its levels.

You collected 285 gold pieces.

Inventory:

Hand Weapons
 y - a +0 morningstar (weapon)
Armour
 a - a +0 helmet (worn)
 b - a +0 cloak (worn)
 c - a +0 shield (worn)
 k - a +0 chain mail (worn)
Jewellery
 s - a ring of protection from magic (left hand)
 x - a ring of protection from fire (right hand)
Wands
 w - a wand of lightning (10/15)
Scrolls
 i - a scroll of recharging {unknown}
 n - a scroll of noise
 r - 2 scrolls of enchant weapon
 u - a scroll of teleportation
 v - 4 scrolls of identify
 z - a scroll of remove curse
 A - a scroll of torment {unknown}
Potions
 e - 2 potions of lignification
 g - a potion of heal wounds
 h - 2 potions of cure mutation {unknown}
 j - 4 potions of curing
 l - 2 potions of berserk rage
 m - a potion of agility
 p - a potion of haste
 t - 3 potions of mutation {unknown}
 C - a potion of flight {unknown}
Comestibles
 f - 5 bread rations
 o - 2 meat rations
 q - a beef jerky
 B - a slice of pizza
 D - 6 chunks of flesh


   Skills:
 + Level 5.7 Fighting
 + Level 4.5 Maces & Flails
 - Level 3.2 Armour
 * Level 4.6 Dodging
 + Level 5.2 Shields


You had 7 spell levels left.
You didn't know any spells.

Dungeon Overview and Level Annotations

Branches:
Dungeon (6/15)
 Temple: D:4-7

Altars:
Gozag
Kikubaaqudgha
Makhleb
Qazlal
Ru
Sif Muna
Vehumet
The Shining One


Innate Abilities, Weirdness & Mutations

You are resistant to torment.
Your stone body is resilient. (AC +5)
You are immune to poison.
You resist negative energy. (rN+)
You are resistant to electric shocks. (rElec)
You can survive without breathing.
You are immune to petrification.
You are immune to rotting.


Message History

The killer bee stings you but does no damage. x2
You closely miss the killer bee. You block the killer bee's attack. x2
The killer bee barely misses you.
Your chain mail prevents you from hitting the killer bee.
You block the killer bee's attack.
The killer bee stings you but does no damage.
The killer bee stings you.
* * * LOW HITPOINT WARNING * * *
You impale the killer bee!!
You kill the killer bee!
The killer bee barely misses you.
You miss the killer bee. You block the killer bee's attack.
The killer bee stings you.
* * * LOW HITPOINT WARNING * * *
The killer bee stings you but does no damage.
You miss the killer bee. The killer bee closely misses you. x2
You miss the killer bee. The killer bee barely misses you.
The killer bee closely misses you. The killer bee barely misses you.
You miss the killer bee. The killer bee stings you.
You die...

...........##.#
###.#..###.##.####.#
#.#..# #.........#
..#..# ####.######
####..# #.#
#..######.#
#.........####
.##.........#
)...#######@# .#.
#y#


#ZJ #... #.... ...>.. ....... .......# You could see a jelly, a killer bee and a
hound zombie.

Vanquished Creatures
  An ice beast (D:5)
  A scorpion (D:6)
  3 killer bees (D:6)
  The ghost of Freeplumber the Insei, a weakling OpTm (D:3)
  A crimson imp (D:5)
  2 hounds
  3 orc priests (D:5)
  A bullfrog skeleton (D:3)
  4 orc wizards
  Ijyb (D:3)
  2 worker ants
  A hound zombie (D:5)
  4 gnolls (D:5)
  7 adders
  2 oozes
  2 worms
  3 dart slugs
  5 leopard geckos
  24 orcs
  7 giant cockroaches
  5 goblins
  6 hobgoblins
  10 jackals
  2 quokkas
  2 ball pythons (D:3)
  11 bats
  11 frilled lizards
  A giant cockroach zombie (D:6)
  A jackal zombie (D:5)
  4 kobolds
  5 rats
133 creatures vanquished.

Notes
Turn   | Place    | Note
-------+----------+-------------------------------------------
     0 | D:1      | MovingMist the Gargoyle Fighter began the quest for the Orb.
     0 | D:1      | Reached XP level 1. HP: 14/14 MP: 1/1
   139 | D:1      | Reached XP level 2. HP: 18/19 MP: 2/2
   249 | D:1      | Reached skill level 1 in Dodging
   513 | D:1      | Reached XP level 3. HP: 18/24 MP: 3/3
   999 | D:2      | Found a stormy altar of Qazlal.
  1332 | D:2      | Reached XP level 4. HP: 29/29 MP: 4/4
  1929 | D:3      | Noticed Ijyb
  1963 | D:3      | Reached XP level 5. HP: 29/33 MP: 5/5
  1971 | D:3      | Killed Ijyb
  2200 | D:3      | Reached XP level 6. HP: 36/39 MP: 6/6
  2462 | D:3      | Noticed Freeplumber's ghost (weakling OpTm)
  2489 | D:3      | Killed Freeplumber's ghost
  2903 | D:4      | Found a radiant altar of Vehumet.
  3184 | D:4      | Found a burning altar of Makhleb.
  3188 | D:4      | Found a sacrificial altar of Ru.
  3192 | D:4      | Found an opulent altar of Gozag.
  3308 | D:5      | Entered Level 5 of the Dungeon
  3511 | D:5      | Reached XP level 7. HP: 37/44 MP: 7/7
  3582 | D:5      | Reached skill level 5 in Fighting
  3624 | D:5      | Found an ancient bone altar of Kikubaaqudgha.
  3924 | D:5      | Found a deep blue altar of Sif Muna.
  3972 | D:5      | Found a glowing golden altar of the Shining One.
  4034 | D:5      | Reached skill level 5 in Shields
  4324 | D:6      | Reached XP level 8. HP: 50/50 MP: 8/8
  4379 | D:6      | HP: 2/51 [killer bee (4)]
  4382 | D:6      | Slain by a killer bee

Skill      XL: |  1  2  3  4  5  6  7 |
---------------+----------------------+-----
Dodging        | 1 2 3 4 |  4.6
Fighting       | 4 5 |  5.7
Maces & Flails | 3 4 |  4.5
Shields        | 4 5 |  5.2
Armour         | |  3.2

Action                   |  1- 3 |  4- 6 |  7- 9 || total
-------------------------+-------+-------+-------++-------
Melee: Flail             |   149 |    85 |    42 ||   276
       Mace              |    15 |   273 |       ||   288
       Morningstar       |       |       |   166 ||   166
  Use: Scroll            |     5 |     7 |       ||    12
       Potion            |       |       |     1 ||     1
  Eat: Chunk             |     2 |     8 |     3 ||    13
Armor: Scale mail        |    45 |       |       ||    45
       Chain mail        |    59 |   221 |   118 ||   398
Dodge: Dodged            |    40 |   114 |    52 ||   206
Block: Shield            |    95 |   227 |   100 ||   422
